 Dungeon Crawl Stone Soup version 0.27-a0-920-gb2bd10914a (webtiles) character file.

Game seed: 13297185395051939129

10539 gruber the Arsonist (level 11, -2/75 HPs)
             Began as an Octopode Fire Elementalist on Apr 8, 2021.
             Was a Believer of Vehumet.
             Killed from afar by an electric eel (9 damage)
             ... with a bolt of electricity
             ... on level 11 of the Dungeon on Apr 9, 2021.
             The game lasted 00:18:21 (16870 turns).

gruber the Arsonist (Octopode Fire Elementalist)   Turns: 16870, Time: 00:18:22

Health: -2/75      AC:  1    Str:  7    XL:     11   Next: 63%
Magic:  23/23      EV: 19    Int: 20    God:    Vehumet [**....]
Gold:   703        SH:  0    Dex: 14    Spells: 11/26 levels left

rFire    . . .     SeeInvis +   y - +8 falchion of the World {venom, +Inv SInv}
rCold    . . .     Faith    .   (no shield)
rNeg     . . .     Spirit   .   (helmet restricted)
rPois    .         Reflect  .   a - amulet of magic regeneration
rElec    .         Harm     .   C - +4 ring of evasion
rCorr    .         Rampage  .   (no ring)
Will     .....                  (no ring)
Stlth    +++.......             (no ring)
HPRegen  0.22/turn              (no ring)
MPRegen  0.43/turn              (no ring)
                                (no ring)
                                (no ring)

@: no status effects
A: almost no armour, amphibious, 8 rings, camouflage 1, gelatinous body 1,
(nimble swimmer 1), tentacles
a: Renounce Religion, Evoke Invisibility


You were on level 11 of the Dungeon.
You worshipped Vehumet.
Vehumet was pleased with you.
You visited 2 branches of the dungeon, and saw 12 of its levels.

You collected 703 gold pieces.

Inventory:

Hand Weapons
 u - a +0 trident of protection
 y - the +8 falchion of the World (weapon) {venom, +Inv SInv}
   (You found it on level 5 of the Dungeon)

   It poisons the flesh of those it strikes.
   It lets you see invisible.
   It lets you turn invisible.
Missiles
 e - 4 atropa-tipped darts
 p - 2 throwing nets
 E - a curare-tipped dart
Jewellery
 a - an amulet of magic regeneration (around mantle)
 C - a +4 ring of evasion (left tentacle)
 G - a +6 ring of dexterity
Wands
 r - a wand of random effects (35)
 z - a wand of polymorph (15)
 D - a wand of paralysis (24)
 H - a wand of flame (10)
Scrolls
 b - 2 scrolls of immolation {unknown}
 c - a scroll of acquirement {unknown}
 f - 2 scrolls of enchant armour {unknown}
 g - 2 scrolls of vulnerability {unknown}
 h - 2 scrolls of noise {unknown}
 l - 6 scrolls of identify
 m - 5 scrolls of teleportation
 o - a scroll of amnesia {unknown}
 s - 3 scrolls of magic mapping {unknown}
 w - a scroll of brand weapon {unknown}
 A - a scroll of blinking {unknown}
 F - a scroll of summoning {unknown}
Potions
 d - 5 potions of curing
 i - 2 potions of heal wounds
 j - 3 potions of berserk rage
 k - a potion of brilliance {unknown}
 n - 2 potions of degeneration {unknown}
 q - a potion of invisibility {unknown}
 t - 4 potions of attraction {unknown}
 v - a potion of magic {unknown}
 x - 2 potions of lignification {unknown}
 B - 2 potions of haste {unknown}
 J - a potion of might {unknown}
Miscellaneous
 I - a condenser vane


   Skills:
 - Level 7.1 Fighting
 - Level 0.8(3.8) Short Blades
 - Level 6.0(6.1) Long Blades
 - Level 0.6(1.0) Maces & Flails
 - Level 0.8(1.0) Staves
 - Level 0.8 Slings
 - Level 0.8 Bows
 - Level 1.0 Crossbows
 - Level 5.3 Dodging
 - Level 2.6 Stealth
 - Level 0.8 Shields
 - Level 8.3 Spellcasting
 - Level 1.0 Conjurations
 - Level 0.8 Hexes
 - Level 0.9 Summonings
 - Level 0.8 Necromancy
 - Level 0.8 Transmutations
 - Level 10.0 Fire Magic
 - Level 0.8 Ice Magic
 - Level 0.8 Air Magic
 - Level 0.8 Earth Magic
 - Level 1.2 Poison Magic
 - Level 0.9 Invocations
 * Level 4.9 Evocations


You had 11 spell levels left.
You knew the following spells:

 Your Spells              Type           Power      Damage    Failure   Level
a - Foxfire               Conj/Fire      100%       2x1d9     1%          1
b - Conjure Flame         Conj/Fire      30%        6-21      2%          3
c - Sticky Flame          Conj/Fire      30%        2d5       9%          4
d - Blink                 Tloc           N/A        N/A       13%         2
e - Fireball              Conj/Fire      15%        3d8       24%         5

Your spell library contained the following spells:

 Spells                   Type           Power      Damage    Failure   Level
 Searing Ray              Conj           24%        3d4       9%          2
 Inner Flame              Hex/Fire       29%        N/A       2%          3
 Magic Dart               Conj           48%        1d5       5%          1
 Summon Small Mammal      Summ           48%        N/A       5%          1
 Corona                   Hex            12%        N/A       6%          1
 Freeze                   Ice            44%        1d6       6%          1
 Call Imp                 Summ           12%        N/A       9%          2
 Slow                     Hex            11%        N/A       9%          2
 Mephitic Cloud           Conj/Pois/Air  12%        N/A       16%         3
 Call Canine Familiar     Summ           12%        N/A       17%         3
 Summon Guardian Golem    Hex/Summ       11%        N/A       17%         3
 Confusing Touch          Hex            11%        N/A       19%         3
 Frozen Ramparts          Ice            22%        1d4       19%         3
 Ozocubu's Armour         Ice            11%        N/A       19%         3
 Portal Projectile        Hex/Tloc       18%        N/A       22%         3
 Gell's Gravitas          Tloc           4%         N/A       26%         3
 Hailstorm                Conj/Ice       11%        3d5       50%         4
 Summon Ice Beast         Ice/Summ       11%        N/A       50%         4
 Summon Lightning Spire   Summ/Air       11%        N/A       50%         4
 Cause Fear               Hex            5%         N/A       52%         4
 Leda's Liquefaction      Hex/Erth       5%         N/A       52%         4
 Petrify                  Tmut/Erth      11%        N/A       52%         4
 Summon Mana Viper        Hex/Summ       11%        N/A       85%         5
 Metabolic Englaciation   Hex/Ice        5%         N/A       86%         5
 Yara's Violent Unravell  Hex/Tmut       5%         3d4       86%         5
 Summon Forest            Summ/Tloc      5%         N/A       88%         5
 Shadow Creatures         Summ           N/A        N/A       100%        6
 Summon Hydra             Summ           6%         N/A       100%        7


Dungeon Overview and Level Annotations

Branches:
Dungeon (11/15)            Temple (1/1) D:5            Lair (0/6) D:10
    Orc (0/2) D:11

Altars:
Ashenzari
Cheibriados
Dithmenos
Elyvilon
Fedhas
Gozag
Kikubaaqudgha
Makhleb
Nemelex Xobeh
Okawaru
Qazlal
Trog
Uskayaw
Vehumet
Xom
Yredelemnul
Zin
The Shining One

Shops:
D:9 *

Annotations:
D:10 2 runed translucent doors, trm's ghost, journeyman OpCj


Innate Abilities, Weirdness & Mutations

You cannot wear most types of armour.
You are amphibious.
You can wear up to eight rings at the same time.
Your skin changes colour to match your surroundings (Stealth+).
Your rubbery body absorbs attacks. (AC +1, EV +1)
((You are camouflaged near water. (Stealth+)))
You have tentacles for arms and can constrict up to eight enemies at once.


Message History

A centaur comes into view.
An electric eel comes into view.
The orc priest calls down the wrath of Beogh upon you.
Beogh smites you!
Found 20 sling bullets.
A five-headed hydra comes into view.
The five-headed hydra roars!
You hear a shout!
The orc priest looks braver for a moment.
Casting: Foxfire (safe; 1% risk of failure)
Confirm with . or Enter, or press ? or * to list all spells.
Okay, then.
As you read the scroll labelled ZIMARO GEFOKUH, it crumbles to dust.
You feel strangely unstable.
It was a scroll of teleportation.
As you read the scroll labelled MAVAIR YTYROUPS, it crumbles to dust.
It is a scroll of identify.
d - 5 potions of curing
As you read the scroll of identify, it crumbles to dust.
j - 3 potions of berserk rage The centaur wields a +0 shortbow.
The centaur shoots an arrow.
The arrow closely misses you.
The orc priest calls down the wrath of Beogh upon you.
Beogh smites you!
Your surroundings suddenly seem different.
The centaur shoots an arrow.
The arrow hits you.
The electric eel shoots out a bolt of lightning at you!
The bolt of electricity hits you.
* * * LOW HITPOINT WARNING * * *
The centaur shoots an arrow.
The arrow closely misses you.
Found a scroll of identify.
Unknown command.
The electric eel shoots out a bolt of lightning at you!
The bolt of electricity hits you!
* * * LOW HITPOINT WARNING * * *
The centaur shoots an arrow.
The arrow misses you.
The centaur shoots an arrow.
The arrow misses you.
The electric eel shoots out a bolt of lightning at you!
The bolt of electricity hits you!
* * * LOW HITPOINT WARNING * * *
The bolt of electricity hits you!
You die...

..#≈#.#o#..###.....
.o≈≈≈..#D....#....
.≈o≈≈≈#.#.........
≈≈≈≈≈≈≈.#........
.≈≈≈o≈......c...#
..≈≈≈...........#
...≈............#
................####
................@..#
......>............#
...............≈....#
......c......(≈≈≈.....#
.............≈≈≈≈≈....#
............≈≈≈≈;≈≈...#
.. ...?..≈≈≈≈≈...... ..
......≈≈≈........ ..
...... #


You could see a centaur and an electric eel.

Vanquished Creatures
  4 two-headed ogres
  Pikel (D:8)
  2 trolls
  2 hornets
  9 yaks
  A vampire (D:8)
  3 shadows
  2 steam dragons
  Menkaure (D:5)
  A water moccasin (D:7)
  Duvessa (D:6)
  4 orc warriors
  An ogre (D:5)
  2 black bears (D:4)
  6 wolves (D:10)
  2 necrophages
  2 centaurs
  4 lemures (D:8)
  3 phantoms
  A kobold brigand (D:8)
  3 bullfrogs
  A gnoll sergeant (D:10)
  2 scorpions
  Dowan (D:6)
  3 killer bees (D:7)
  5 electric eels
  4 wights (D:9)
  4 centaur zombies
  A bullfrog zombie (D:5)
  A centaur skeleton (D:7)
  6 hounds
  A jelly (D:5)
  A gnoll shaman (D:7)
  Natasha (thrice) (D:4)
  An iron imp (D:6)
  2 iguanas
  4 orc wizards
  A hound skeleton (D:4)
  Robin (D:4)
  17 gnolls
  5 adders
  A shadow imp (D:6)
  An ufetubus (D:4)
  An adder skeleton (D:4)
  2 worms (D:2)
  5 dart slugs
  21 orcs
  5 ball pythons
  3 endoplasms
  4 giant cockroaches
  10 goblins
  7 hobgoblins
  14 jackals
  10 kobolds
  2 quokkas
  4 bats
  7 frilled lizards
  5 rats
221 creatures vanquished.

Vanquished Creatures (others)
  1228 foxfires
1228 creatures vanquished.

Grand Total: 1449 creatures vanquished

Notes
Turn   | Place    | Note
-------+----------+-------------------------------------------
     0 | D:1      | gruber the Octopode Fire Elementalist began the quest for
                  | the Orb.
     0 | D:1      | Reached XP level 1. HP: 11/11 MP: 3/3
   343 | D:1      | Reached XP level 2. HP: 17/17 MP: 0/5
   882 | D:1      | Reached skill level 4 in Fire Magic
   893 | D:1      | Reached XP level 3. HP: 19/21 MP: 1/6
  1406 | D:2      | Found a stormy altar of Qazlal.
  2093 | D:2      | Reached XP level 4. HP: 24/27 MP: 2/7
  2350 | D:2      | Found a faded altar of an unknown god.
  2567 | D:3      | Reached skill level 5 in Fire Magic
  2578 | D:3      | Learned a level 3 spell: Conjure Flame
  3099 | D:3      | Reached XP level 5. HP: 14/31 MP: 0/8
  3792 | D:4      | Noticed a phantom
  3806 | D:4      | Killed a phantom
  3807 | D:4      | Reached skill level 6 in Fire Magic
  4199 | D:4      | Found a bloodstained altar of Trog.
  4199 | D:4      | Noticed a black bear
  4199 | D:4      | Noticed a black bear
  4356 | D:4      | Reached XP level 6. HP: 36/36 MP: 5/9
  5101 | D:4      | Noticed Natasha
  5113 | D:4      | Killed Natasha
  5114 | D:4      | Reached skill level 7 in Fire Magic
  5188 | D:4      | Noticed Robin
  5230 | D:4      | Killed Robin
  5582 | D:4      | Killed a black bear
  5583 | D:4      | Reached XP level 7. HP: 41/41 MP: 5/10
  5604 | D:4      | Reached skill level 8 in Fire Magic
  5676 | D:4      | Noticed Natasha
  5685 | D:4      | Killed Natasha
  6010 | D:4      | Noticed Natasha
  6013 | D:4      | Killed Natasha
  6057 | D:5      | Entered Level 5 of the Dungeon
  6439 | D:5      | Found a glowing golden altar of the Shining One.
  6750 | D:5      | Reached skill level 9 in Fire Magic
  6819 | D:5      | Reached XP level 8. HP: 35/46 MP: 6/11
  7029 | D:5      | Found a burning altar of Makhleb.
  7062 | D:5      | Identified the +8 falchion of the World {venom, +Inv SInv}
  7124 | D:5      | Learned a level 4 spell: Sticky Flame
  7127 | D:5      | Learned a level 2 spell: Blink
  7143 | D:5      | Reached skill level 10 in Fire Magic
  7398 | D:5      | Found a staircase to the Ecumenical Temple.
  7493 | D:5      | Noticed Menkaure
  7499 | D:5      | Killed Menkaure
  7797 | Temple   | Entered the Ecumenical Temple
  7822 | Temple   | Became a worshipper of Vehumet
  7877 | D:6      | Noticed a hornet
  7888 | D:6      | Killed a hornet
  7889 | D:6      | Reached skill level 1 in Crossbows
  7921 | D:6      | Reached skill level 1 in Poison Magic
  7983 | D:6      | Reached skill level 1 in Long Blades
  8169 | D:6      | Reached XP level 9. HP: 51/51 MP: 8/12
  8202 | D:6      | Found a sparkling altar of Nemelex Xobeh.
  8217 | D:6      | Found an iron altar of Okawaru.
  8217 | D:6      | Found an opulent altar of Gozag.
  8217 | D:6      | Found a broken altar of Ashenzari.
  8217 | D:6      | Found a shimmering altar of Xom.
  8222 | D:6      | Found a white marble altar of Elyvilon.
  8224 | D:6      | Found an ancient bone altar of Kikubaaqudgha.
  8346 | D:6      | Noticed Duvessa
  8346 | D:6      | Noticed Dowan
  8474 | D:6      | Killed Dowan
  8769 | D:6      | Killed Duvessa
  8882 | D:6      | Found a snail-covered altar of Cheibriados.
  9135 | D:7      | Reached skill level 5 in Long Blades
 10887 | D:8      | Noticed a two-headed ogre
 10892 | D:8      | Killed a two-headed ogre
 10893 | D:8      | Reached XP level 10. HP: 56/56 MP: 10/19
 10920 | D:8      | Reached * piety under Vehumet
 10920 | D:8      | Offered knowledge of Sandblast by Vehumet.
 11350 | D:8      | Noticed Pikel
 11380 | D:8      | Paralysed by Pikel for 6 turns
 11388 | D:8      | Killed Pikel
 11786 | D:8      | Upgraded the game from 0.27-a0-909-g0721f309d1 to
                  | 0.27-a0-920-gb2bd10914a
 12742 | D:9      | Reached skill level 1 in Fighting
 13304 | D:9      | Noticed a two-headed ogre
 13491 | D:9      | Killed a two-headed ogre
 13492 | D:9      | Reached skill level 5 in Fighting
 13862 | D:9      | Found Zin's Purification Station.
 13865 | D:9      | Found a glowing silver altar of Zin.
 14401 | D:10     | Entered Level 10 of the Dungeon
 14456 | D:10     | Reached XP level 11. HP: 72/72 MP: 18/23
 14467 | D:10     | Offered knowledge of Searing Ray by Vehumet.
 14583 | D:10     | Reached ** piety under Vehumet
 15160 | D:10     | Found a runed translucent door.
 15527 | D:10     | Found a staircase to the Lair.
 15554 | D:10     | Noticed a two-headed ogre
 15585 | D:10     | Killed a two-headed ogre
 15586 | D:10     | Reached skill level 5 in Dodging
 15704 | D:10     | Found a runed translucent door.
 15709 | D:10     | Noticed a deep elf zephyrmancer
 15710 | D:10     | Noticed a centaur warrior
 15711 | D:10     | Noticed a necromancer
 15711 | D:10     | Noticed a deep elf annihilator
 15712 | D:10     | Noticed a lich
 15713 | D:10     | Noticed trm's ghost (journeyman OpCj)
 16134 | D:10     | Reached skill level 1 in Evocations
 16443 | D:10     | Learned a level 5 spell: Fireball
 16789 | D:11     | Noticed a two-headed ogre
 16801 | D:11     | Killed a two-headed ogre
 16844 | D:11     | Found a staircase to the Orcish Mines.
 16861 | D:11     | Noticed a five-headed hydra
 16870 | D:11     | Killed from afar by an electric eel

Illustrated notes

Levels and vault maps discovered:
D:1:      lightli_arrival_isolated_outpost, layout_basic
D:2:      layout_basic, basic_altar, chequers_ecumenical_altar_simple_redux,
          roderic_serpentine_path
D:3:      layout_loops_ring
D:4:      layout_basic, trog_ov_bears_minmay, minivault_14, uniq_robin,
          uniq_natasha
D:5:      layout_basic, tso_metal_star, kennysheep_mini_moat,
          minmay_temple_entry_statues_fountains, minmay_misc_feat_five,
          uniq_menkaure
D:6:      layout_basic, slow_altar_2, minitemple, st_stairs_11, uniq_duvessa
D:7:      layout_loops_corners
D:8:      layout_layer_cave, nzn_life_drinkers, uniq_pikel
D:9:      layout_basic, zin_purify, nicolae_zen_rock_garden,
          kennysheep_generic_room_14
D:10:     layout_loops_ring, erik_lair_island, muffindrake_ghost_dual_entry,
          grunt_decor_arrowhead, kennysheep_cross_bottleneck
D:11:     layout_big_octagon, erik_orc_1, minivault_16, evilmike_ruin_ashenzari,
          uniq_nergalle
Temple:   cyrus_temple_forest

Skill      XL: |  1  2  3  4  5  6  7  8  9 10 11 |
---------------+----------------------------------+-----
Fire Magic     | 4 5 6 7 9 10 | 10.0
Crossbows      | 1 |  1.0
Poison Magic   | 1 |  1.2
Long Blades    | 3 6 |  6.0
Spellcasting   | 6 8 |  8.3
Fighting       | 6 7 |  7.1
Dodging        | 5 |  5.3
Evocations     | 4 |  4.9
Short Blades   | |  0.8
Maces & Flails | |  0.6
Staves         | |  0.8
Slings         | |  0.8
Bows           | |  0.8
Stealth        | |  2.6
Shields        | |  0.8
Conjurations   | |  1.0
Hexes          | |  0.8
Summonings     | |  0.9
Necromancy     | |  0.8
Transmutations | |  0.8
Ice Magic      | |  0.8
Air Magic      | |  0.8
Earth Magic    | |  0.8
Invocations    | |  0.9

Action                   |  1- 3 |  4- 6 |  7- 9 | 10-12 || total
-------------------------+-------+-------+-------+-------++-------
Melee: Unarmed           |    10 |       |       |       ||    10
       Constrict         |     6 |    13 |     4 |    13 ||    36
       Tentacles         |     3 |     9 |     4 |    17 ||    33
       Hand axe          |    15 |    25 |       |       ||    40
       Trident           |       |    29 |    13 |       ||    42
       Falchion          |       |       |    14 |    51 ||    65
Throw: Dart              |       |       |       |     1 ||     1
 Cast: Foxfire           |    85 |   123 |   255 |   269 ||   732
       Sticky Flame      |       |       |    10 |    21 ||    31
       Conjure Flame     |       |       |       |     6 ||     6
       Blink             |       |       |       |     3 ||     3
Evoke: Wand              |       |       |       |     1 ||     1
  Use: Scroll            |       |       |       |     3 ||     3
 Stab: Sleeping          |       |     5 |     2 |       ||     7
Armor: Skin              |     2 |     8 |     2 |     4 ||    16
Dodge: Dodged            |    14 |    30 |    60 |    84 ||   188
       Rpst.: Falchion   |       |       |     8 |    22 ||    30

Table legend: (Time is in decaauts)
 A = Elapsed time spent in this place.
 B = Non-inter-level travel time spent in this place.
 C = Inter-level travel time spent in this place.
 D = Time resting spent in this place.
 E = Time spent auto-exploring this place.
 F = Levels seen in this place.
 G = Mean time per level.
                   A        B        C        D        E       F      G
               +--------+--------+--------+--------+--------+-----+--------+
         Total |  16905 |  16138 |    767 |    417 |  13716 |  12 | 1408.8 |
       Dungeon |  16855 |  16113 |    742 |    417 |  13695 |  11 | 1532.3 |
        Temple |     49 |     25 |     24 |      0 |     21 |   1 |   49.0 |
               +--------+--------+--------+--------+--------+-----+--------+

Top non-repeatable levels by time:
     D:4: 2691 daAuts
    D:10: 2072 daAuts
     D:8: 1991 daAuts
     D:9: 1860 daAuts
     D:7: 1696 daAuts
     D:5: 1452 daAuts
     D:1: 1401 daAuts
     D:3: 1209 daAuts
     D:2: 1115 daAuts
     D:6: 970 daAuts
    D:11: 395 daAuts
  Temple: 49 daAuts
